 Dungeon Sprint DCSS version 0.30-a0-134-gb40fab5c76 (webtiles) character file.

Game seed: 12018449805966795344

9400000 howech the Axe Maniac (level 27, -43/249 HPs)
             Began as a Human Gladiator on Sept 20, 2022.
             Was the Champion of Makhleb.
             Killed by the air
             ... invoked by a tyrant
              (63 damage)
             ... in the Dungeon (Sprint VIII: "Arena of Blood").
             The game lasted 00:06:03 (94 turns).

howech the Axe Maniac (Human Gladiator)               Turns: 94, Time: 00:06:04

Health: -43/249    AC:  8    Str: 16    XL:     27
Magic:  20/54      EV: 39    Int:  9    God:    Makhleb [******]
Gold:   0          SH:  0    Dex: 27    Spells: 80/80 levels left

rFire   . . .      SeeInvis .    k - +∞ Axe of Woe
rCold   . . .      Faith    .    (shield currently unavailable)
rNeg    . . .      Spirit   .    a - +0 leather armour
rPois   .          Reflect  .    b - +0 helmet
rElec   .          Harm     .    (no cloak)
rCorr   .          Rampage  .    (no gloves)
Will    ++...      NoTele   +    (no boots)
Stlth   ++++++++++               (no amulet)
HPRegen 0.51/turn                (no ring)
MPRegen 0.34/turn                (no ring)

@: no status effects
A: no striking features
a: Renounce Religion, Minor Destruction, Lesser Servant of Makhleb, Major
Destruction, Greater Servant of Makhleb


You were in the Dungeon.
You worshipped Makhleb.
Makhleb was exalted by your worship.
You visited 1 branch

Inventory:

Hand Weapons
 k - the +∞ Axe of Woe (weapon)
   (You found it in the Dungeon)
Missiles
 c - 3 throwing nets (quivered)
 d - a javelin
Armour
 a - a +0 leather armour (worn)
 b - a +0 helmet (worn)
Scrolls
 j - a scroll of blinking
Potions
 e - a potion of curing
 f - a potion of heal wounds
 g - a potion of haste
 h - 2 potions of magic
 i - a potion of berserk rage


   Skills:
 O Level 27 Fighting
 O Level 27 Short Blades
 O Level 27 Long Blades
 O Level 27 Axes
 O Level 27 Maces & Flails
 O Level 27 Polearms
 O Level 27 Staves
 O Level 27 Ranged Weapons
 O Level 27 Throwing
 O Level 27 Armour
 O Level 27 Dodging
 O Level 27 Stealth
 O Level 27 Shields
 O Level 27 Unarmed Combat
 O Level 27 Spellcasting
 O Level 27 Conjurations
 O Level 27 Hexes
 O Level 27 Summonings
 O Level 27 Necromancy
 O Level 27 Translocations
 O Level 27 Transmutations
 O Level 27 Fire Magic
 O Level 27 Ice Magic
 O Level 27 Air Magic
 O Level 27 Earth Magic
 O Level 27 Poison Magic
 O Level 27 Invocations
 O Level 27 Evocations


You had 80 spell levels left.
You didn't know any spells.
Your spell library was empty.

Dungeon Overview and Level Annotations

Branches:
Dungeon (1/1)

Altars:
Makhleb


Message History

You feel better.
The tentacled monstrosity disappears in a puff of smoke!
You hear a shout! x3
The eight-headed meat hydra calls on the powers of darkness!
The eight-headed meat hydra convulses!
Your body is wracked with pain!
* * * LOW HITPOINT WARNING * * *
The bag of meat convulses! x2; Something is bathed in an unholy light!
The bag of meat convulses!
A bolt of negative energy appears from out of thin air!
The bolt of negative energy misses you.
The tyrant casts a spell.
You hear a shout! x2
The tyrant gestures wildly while chanting.
You hear a shout!
You hear a faint skittering sound.
Unknown command.
Unknown command.
Unknown command.
Unknown command.
You slash the tentacled monstrosity!
You hew the tentacled monstrosity savagely.
You kill the tentacled monstrosity!
The tentacled monstrosity disappears in a puff of smoke!
The tyrant appears out of thin air!
A tyrant comes into view.
The large abomination disappears in a puff of smoke! x3
A meat beast comes into view.
You hear a shout!
A bolt of negative energy appears from out of thin air!
The bolt of negative energy hits the large abomination.
The large abomination completely resists.
The bolt of negative energy misses you.
You hear a shout! x3
A bolt of negative energy appears from out of thin air!
The bolt of negative energy hits the tentacled monstrosity.
The tentacled monstrosity completely resists.
The bolt of negative energy misses you.
You hear a shout!
The tyrant waves its bony arms in wide circles.
The air twists around and strikes you!!!
You die...

..........
.......L.. ...
.......2... ....
.....XO.X .....
#...X.L.# .#...
#...X.X.#
.....###.o.§...###.
.......)))###......
..#...)D@LX_.......
#..o..MX#)X...#....
....§.))#_X<._# .
#.X§X§){#))...#..
..#§°X))☼)°_{....
○XXL§).)))###......
..XoD###)))○...###.
..X§. #.......#
..... #.......#


You could see an accursed, 5 tentacled monstrosities, a meat beast (fast), 4
tyrants, 2 eight-headed meat hydras, 11 large abominations, a meat berserker
(berserk) and 3 bags of meat.

Vanquished Creatures
  4 hell beasts (D)
  2 wraiths (D)
  9 vampire knights (D)
  50 ogres (D)
  5 two-headed ogres (D)
  5 liches (D)
  A hydra (D)
  4 phantoms (D)
  58 orcs (D)
  7 skeletal warriors (D)
145 creatures vanquished.

Vanquished Creatures (others)
  2 two-headed ogres (D)
  3 orcs (D)
5 creatures vanquished.

Grand Total: 150 creatures vanquished

Notes
Turn   | Place    | Note
-------+----------+-------------------------------------------
     0 | D        | Found the +∞ Axe of Woe
     0 | D        | howech the Human Gladiator began the quest for the Orb.
     0 | D        | Reached XP level 1. HP: 16/16 MP: 1/1
     1 | D        | Noticed a bag of meat
     3 | D        | Became a worshipper of Makhleb the Destroyer
     3 | D        | Noticed a meat berserker
     4 | D        | Noticed a bag of meat
     4 | D        | Noticed a bag of meat
     4 | D        | Noticed a bag of meat
     4 | D        | Noticed a bag of meat
     5 | D        | Noticed a bag of meat
     5 | D        | Noticed a bag of meat
     5 | D        | Noticed a bag of meat
     5 | D        | Noticed a bag of meat
     7 | D        | Killed a meat berserker
     8 | D        | Reached skill level 10 in Fighting
     8 | D        | Reached skill level 10 in Throwing
     8 | D        | Reached skill level 10 in Armour
     8 | D        | Reached skill level 10 in Dodging
     8 | D        | Reached skill level 10 in Unarmed Combat
     8 | D        | Reached XP level 2. HP: 36/36 MP: 1/8
     8 | D        | Reached XP level 3. HP: 42/42 MP: 1/10
     8 | D        | Reached XP level 4. HP: 48/48 MP: 1/11
     8 | D        | Reached XP level 5. HP: 54/54 MP: 1/13
     8 | D        | Reached XP level 6. HP: 61/61 MP: 1/14
     8 | D        | Reached XP level 7. HP: 67/67 MP: 1/15
     8 | D        | Reached XP level 8. HP: 73/73 MP: 1/16
     8 | D        | Reached XP level 9. HP: 79/79 MP: 1/17
     8 | D        | Reached XP level 10. HP: 86/86 MP: 1/18
     8 | D        | Reached XP level 11. HP: 92/92 MP: 1/19
     8 | D        | Reached XP level 12. HP: 98/98 MP: 1/20
     9 | D        | Killed a bag of meat
     9 | D        | Reached * piety under Makhleb
     9 | D        | Noticed a meat berserker
     9 | D        | Noticed a bag of meat
     9 | D        | Noticed a meat berserker
    10 | D        | Reached skill level 15 in Axes
    10 | D        | Reached XP level 13. HP: 72/106 MP: 1/22
    10 | D        | Killed a bag of meat
    10 | D        | Killed a bag of meat
    11 | D        | Reached XP level 14. HP: 104/116 MP: 1/24
    11 | D        | Killed a bag of meat
    11 | D        | Reached ** piety under Makhleb
    11 | D        | Killed a bag of meat
    11 | D        | Noticed a meat berserker
    11 | D        | Noticed a bag of meat
    11 | D        | Noticed a bag of meat
    12 | D        | Killed a bag of meat
    12 | D        | Killed a bag of meat
    12 | D        | Reached *** piety under Makhleb
    13 | D        | Reached skill level 15 in Stealth
    13 | D        | Reached skill level 15 in Invocations
    13 | D        | Reached XP level 15. HP: 127/127 MP: 1/26
    14 | D        | Reached skill level 15 in Fighting
    14 | D        | Reached skill level 15 in Throwing
    14 | D        | Reached skill level 15 in Armour
    14 | D        | Reached skill level 15 in Dodging
    14 | D        | Reached skill level 15 in Unarmed Combat
    14 | D        | Noticed a meat berserker
    14 | D        | Killed a meat berserker
    14 | D        | Killed a meat berserker
    14 | D        | Reached **** piety under Makhleb
    15 | D        | Reached XP level 16. HP: 139/139 MP: 2/28
    16 | D        | Killed a meat berserker
    16 | D        | Killed a meat berserker
    17 | D        | Reached XP level 17. HP: 150/150 MP: 2/30
    17 | D        | Reached ***** piety under Makhleb
    19 | D        | Noticed a meat berserker
    19 | D        | Noticed a destroyer
    20 | D        | Killed a destroyer
    20 | D        | Noticed a meat berserker
    21 | D        | Reached XP level 18. HP: 160/160 MP: 3/32
    22 | D        | Noticed a meat berserker
    23 | D        | Reached skill level 27 in Axes
    23 | D        | Killed a meat berserker
    23 | D        | Noticed a meat berserker
    24 | D        | Reached XP level 19. HP: 172/172 MP: 3/34
    24 | D        | Noticed a large bag of meat
    26 | D        | Noticed a destroyer
    27 | D        | Noticed a large bag of meat
    28 | D        | Noticed a meat berserker
    28 | D        | Killed a meat berserker
    28 | D        | Reached ****** piety under Makhleb
    28 | D        | Killed a meat berserker
    28 | D        | Noticed a meat berserker
    28 | D        | Noticed a meat berserker
    29 | D        | Reached XP level 20. HP: 184/184 MP: 4/36
    29 | D        | Noticed a meat berserker
    29 | D        | Noticed a meat berserker
    30 | D        | Noticed a meat berserker
    32 | D        | Killed a meat berserker
    32 | D        | Noticed a destroyer
    32 | D        | Noticed a meat berserker
    33 | D        | Noticed a large bag of meat
    34 | D        | Killed a meat berserker
    34 | D        | Killed a meat berserker
    34 | D        | Killed a destroyer
    35 | D        | Reached skill level 27 in Stealth
    35 | D        | Reached skill level 27 in Invocations
    35 | D        | Reached XP level 21. HP: 201/201 MP: 6/38
    35 | D        | Killed a large bag of meat
    35 | D        | Noticed a destroyer
    36 | D        | Reached skill level 27 in Dodging
    36 | D        | Reached skill level 27 in Unarmed Combat
    36 | D        | Noticed a meat berserker
    37 | D        | Killed a meat berserker
    37 | D        | Killed a meat berserker
    37 | D        | Killed a meat berserker
    38 | D        | Reached skill level 27 in Fighting
    38 | D        | Reached skill level 27 in Throwing
    38 | D        | Reached skill level 27 in Armour
    38 | D        | Reached XP level 22. HP: 212/212 MP: 6/39
    39 | D        | Reached skill level 15 in Spellcasting
    40 | D        | Killed a large bag of meat
    40 | D        | Killed a meat berserker
    41 | D        | Reached XP level 23. HP: 169/219 MP: 7/47
    42 | D        | Noticed a destroyer
    44 | D        | Killed a large bag of meat
    45 | D        | Killed a destroyer
    46 | D        | Reached skill level 27 in Shields
    46 | D        | Reached skill level 27 in Spellcasting
    46 | D        | Reached skill level 27 in Evocations
    46 | D        | Reached XP level 24. HP: 182/227 MP: 8/54
    46 | D        | Noticed a tyrant
    47 | D        | Killed a destroyer
    47 | D        | Killed a destroyer
    48 | D        | Noticed a large bag of meat
    50 | D        | Reached XP level 25. HP: 229/234 MP: 9/54
    51 | D        | Noticed a tyrant
    54 | D        | Reached skill level 27 in Conjurations
    54 | D        | Reached skill level 27 in Hexes
    54 | D        | Reached skill level 27 in Poison Magic
    54 | D        | Reached skill level 5 in Summonings
    54 | D        | Reached skill level 5 in Necromancy
    54 | D        | Reached skill level 5 in Translocations
    54 | D        | Reached skill level 5 in Transmutations
    54 | D        | Reached skill level 5 in Fire Magic
    54 | D        | Reached skill level 5 in Ice Magic
    54 | D        | Reached skill level 5 in Air Magic
    54 | D        | Reached skill level 5 in Earth Magic
    54 | D        | Reached XP level 26. HP: 226/242 MP: 10/54
    56 | D        | Reached skill level 10 in Air Magic
    56 | D        | Killed a tyrant
    58 | D        | Reached skill level 15 in Summonings
    58 | D        | Reached skill level 15 in Necromancy
    58 | D        | Reached skill level 15 in Translocations
    58 | D        | Reached skill level 15 in Transmutations
    58 | D        | Reached skill level 15 in Fire Magic
    58 | D        | Reached skill level 15 in Ice Magic
    58 | D        | Reached skill level 15 in Air Magic
    58 | D        | Reached skill level 15 in Earth Magic
    58 | D        | Reached XP level 27. HP: 249/249 MP: 11/54
    58 | D        | Killed a large bag of meat
    58 | D        | Noticed a large bag of meat
    58 | D        | Noticed a tyrant
    58 | D        | Noticed a tyrant
    59 | D        | Noticed a meat beast
    60 | D        | Noticed a destroyer
    62 | D        | Killed a tyrant
    63 | D        | Killed a meat beast
    65 | D        | Killed a destroyer
    66 | D        | Noticed a dread
    67 | D        | Killed a tyrant
    69 | D        | Noticed a dread
    73 | D        | Killed a large bag of meat
    74 | D        | Killed a dread
    74 | D        | Killed a tyrant
    75 | D        | Reached skill level 27 in Summonings
    75 | D        | Reached skill level 27 in Necromancy
    75 | D        | Reached skill level 27 in Translocations
    75 | D        | Reached skill level 27 in Transmutations
    75 | D        | Reached skill level 27 in Fire Magic
    75 | D        | Reached skill level 27 in Ice Magic
    75 | D        | Reached skill level 27 in Air Magic
    75 | D        | Reached skill level 27 in Earth Magic
    75 | D        | Reached skill level 10 in Short Blades
    75 | D        | Reached skill level 10 in Long Blades
    75 | D        | Reached skill level 10 in Staves
    75 | D        | Reached skill level 10 in Ranged Weapons
    79 | D        | Noticed a destroyer
    79 | D        | Noticed an accursed
    79 | D        | Noticed a tyrant
    79 | D        | Noticed a destroyer
    82 | D        | Noticed a large bag of meat
    83 | D        | Killed a destroyer
    83 | D        | Noticed a tyrant
    85 | D        | Killed a dread
    85 | D        | Noticed a tyrant
    85 | D        | Noticed a meat beast
    85 | D        | Noticed a meat beast
    86 | D        | Reached skill level 27 in Short Blades
    86 | D        | Reached skill level 27 in Long Blades
    86 | D        | Reached skill level 27 in Staves
    86 | D        | Reached skill level 27 in Ranged Weapons
    86 | D        | Reached skill level 10 in Maces & Flails
    86 | D        | Reached skill level 10 in Polearms
    86 | D        | Noticed a meat beast
    86 | D        | Noticed a large bag of meat
    87 | D        | Noticed a destroyer
    89 | D        | Killed a destroyer
    90 | D        | Killed a meat beast
    90 | D        | Killed a tyrant
    91 | D        | Reached skill level 27 in Maces & Flails
    91 | D        | Reached skill level 27 in Polearms
    91 | D        | Killed a meat beast
    91 | D        | Killed a meat beast
    92 | D        | Noticed a tyrant
    92 | D        | Killed a destroyer
    92 | D        | HP: 10/249 [accursed/divine providence (10)]
    92 | D        | Killed a large bag of meat
    92 | D        | Killed a large bag of meat
    94 | D        | Noticed a meat beast
    94 | D        | Killed from afar by a tyrant

Illustrated notes

Levels and vault maps discovered:
D:        meatsprint

Skill      XL: |  1  2  3  4  5  6  7  8  9 10 11 12 13 14 15 16 17 18 19 20 21 22 23 24 25 26 27 |
---------------+----------------------------------------------------------------------------------+-----
Fighting       | 10 11 12 14 16 18 19 21 22 26 27 | 27.0
Axes           | 14 15 17 20 22 24 26 27 | 27.0
Throwing       | 10 11 12 14 16 18 19 21 22 26 27 | 27.0
Armour         | 10 11 12 14 16 18 19 21 22 26 27 | 27.0
Dodging        | 10 11 13 14 16 18 19 21 23 26 27 | 27.0
Stealth        | 11 12 13 15 17 19 21 22 24 27 | 27.0
Unarmed Combat | 10 11 13 14 16 18 19 21 23 26 27 | 27.0
Invocations    | 11 12 13 15 17 19 21 22 24 27 | 27.0
Shields        | 14 22 27 | 27.0
Spellcasting   | 13 20 27 | 27.0
Evocations     | 14 22 27 | 27.0
Conjurations   | 3 20 27 | 27.0
Hexes          | 3 20 27 | 27.0
Poison Magic   | 3 20 27 | 27.0
Summonings     | 5 15 27 | 27.0
Necromancy     | 5 15 27 | 27.0
Translocations | 5 15 27 | 27.0
Transmutations | 5 15 27 | 27.0
Fire Magic     | 5 15 27 | 27.0
Ice Magic      | 5 15 27 | 27.0
Air Magic      | 5 15 27 | 27.0
Earth Magic    | 5 15 27 | 27.0
Short Blades   | 27 | 27.0
Long Blades    | 27 | 27.0
Staves         | 27 | 27.0
Ranged Weapons | 27 | 27.0
Maces & Flails | 27 | 27.0
Polearms       | 27 | 27.0

Action                   |  1- 3 |  4- 6 |  7- 9 | 10-12 | 13-15 | 16-18 | 19-21 | 22-24 | 25-27 || total
-------------------------+-------+-------+-------+-------+-------+-------+-------+-------+-------++-------
Melee: Executioner's axe |     1 |       |       |     1 |     5 |     8 |     9 |    10 |    38 ||    72
Dodge: Dodged            |       |       |       |       |       |       |       |       |    10 ||    10

Table legend: (Time is in decaauts)
 A = Elapsed time spent in this place.
 B = Non-inter-level travel time spent in this place.
 C = Inter-level travel time spent in this place.
 D = Time resting spent in this place.
 E = Time spent auto-exploring this place.
 F = Levels seen in this place.
 G = Mean time per level.
                   A        B        C        D        E       F      G
               +--------+--------+--------+--------+--------+-----+--------+
         Total |     75 |     75 |      0 |      0 |      0 |   1 |   75.0 |
       Dungeon |     75 |     75 |      0 |      0 |      0 |   1 |   75.0 |
               +--------+--------+--------+--------+--------+-----+--------+

Top non-repeatable levels by time:
       D: 75 daAuts
